 Dungeon Crawl Stone Soup version 0.28-a0-1406-ga8dd43b1d0 (webtiles) character file.

Game seed: 15595015645635094912

220 Froggeryz the Poker (level 5, 0/41 HPs)
             Began as a Ghoul Wanderer on Jan 6, 2022.
             Slain by a gnoll (3 damage)
             ... on level 2 of the Dungeon.
             The game lasted 00:02:59 (2608 turns).

Froggeryz the Poker (Ghoul Wanderer)                Turns: 2608, Time: 00:03:00

Health: 0/41       AC:  4    Str: 16    XL:     5   Next: 97%
Magic:  5/5        EV: 11    Int: 10    God:
Gold:   202        SH:  0    Dex:  7    Spells: 5/6 levels left

rFire   . . .      SeeInvis .   a - +2 quarterstaff
rCold   + . .      Faith    .   (shield currently unavailable)
rNeg    + + +      Spirit   .   c - +0 leather armour
rPois   ∞          Reflect  .   b - +0 helmet
rElec   .          Harm     .   (no cloak)
rCorr   .          Rampage  .   (no gloves)
Will    .....                   (no boots)
Stlth   +.........              (no amulet)
HPRegen 0.00/turn               (no ring)
MPRegen 0.09/turn               (no ring)

@: inhibited regen
A: claws 1, cold resistance 1, negative energy resistance 3, inhibited
regeneration, torment resistance 2
a: no special abilities


You were on level 2 of the Dungeon.
You visited 1 branch of the dungeon, and saw 4 of its levels.

You collected 202 gold pieces.

Inventory:

Hand Weapons
 a - a +2 quarterstaff (weapon)
Missiles
 l - 6 poisoned darts
Armour
 b - a +0 helmet (worn)
 c - a +0 leather armour (worn)
Wands
 i - a wand of paralysis (2)
Scrolls
 d - 3 scrolls of teleportation {unknown}
 k - 3 scrolls of torment {unknown}
 n - a scroll of fear {unknown}
 q - a scroll of identify {unknown}
Potions
 e - a potion of might {unknown}
 f - a potion of mutation {unknown}
 g - a potion of heal wounds
 h - a potion of brilliance {unknown}
 j - a potion of berserk rage {unknown}
 m - a potion of curing {unknown}
 o - a potion of ambrosia {unknown}
 p - 2 potions of attraction {unknown}
 r - 2 potions of degeneration {unknown}


   Skills:
 - Level 2.1 Fighting
 + Level 5.0(5.4) Polearms
 - Level 2.6(4.2) Staves
 - Level 1.0 Armour
 - Level 1.7 Dodging
 - Level 1.0 Spellcasting
 - Level 1.0 Summonings


You had 5 spell levels left.
You knew the following spells:

 Your Spells              Type           Power      Damage    Failure   Level
a - Summon Small Mammal   Summ           8%         N/A       28%         1

Your spell library contained the following spells:

 Spells                   Type           Power      Damage    Failure   Level
 Sandblast                Erth           0%         2d4       38%         1
 Passwall                 Tmut/Erth      0%         N/A       54%         2
 Call Canine Familiar     Summ           2%         N/A       63%         3
 Stone Arrow              Conj/Erth      0%         3d7       77%         3
 Animate Armour           Summ/Erth      2%         N/A       98%         4
 Lehudib's Crystal Spear  Conj/Erth      0%         10d2      100%        8


Dungeon Overview and Level Annotations

Branches:
Dungeon (4/15)
 Temple: D:4-7

Altars:
Dithmenos


Innate Abilities, Weirdness & Mutations

You thrive by killing the living.
You are immune to poison.
You have sharp fingernails.
Your flesh is cold resistant. (rC+)
You are immune to negative energy. (rN+++)
You do not regenerate when monsters are visible.
You are immune to unholy pain and torment.


Message History

You feel better. The gnoll closely misses you.
There is a stone staircase leading up here.
You see here a +0 flail.
The gnoll hits you from afar with a +0 spear.
There is a stone staircase leading up here.
You see here a +0 flail.
The gnoll closely misses you. x2
There is a stone staircase leading up here.
The gnoll barely misses you. The gnoll hits you with a +0 spear.
You climb upwards.
There is a stone staircase leading down here.
You hit the gnoll.
The gnoll is heavily wounded.
The gnoll hits you with a +0 whip. The gnoll closely misses you.
You closely miss the gnoll.
The gnoll is heavily wounded.
The gnoll barely misses you. x2
You barely miss the gnoll.
The gnoll is heavily wounded.
The gnoll barely misses you. The gnoll hits you with a +0 spear!
The gnoll hits you with a +0 whip.
You are too injured to fight recklessly!
You are too injured to fight recklessly!
You are too injured to fight recklessly!
You hit the gnoll.
You kill the gnoll!
The gnoll closely misses you. The gnoll barely misses you.
Your Polearms skill increases to level 5!
You barely miss the gnoll. The gnoll hits you with a +0 spear.
You barely miss the gnoll. The gnoll hits you but does no damage.
You closely miss the gnoll. The gnoll hits you with a +0 spear.
* * * LOW HITPOINT WARNING * * *
You closely miss the gnoll. The gnoll barely misses you.
You hit the gnoll but do no damage. The gnoll misses you.
You barely miss the gnoll. The gnoll hits you with a +0 spear!
* * * LOW HITPOINT WARNING * * *
You sock the gnoll!
The gnoll is almost dead.
The gnoll hits you with a +0 spear.
You die...

#...........###..............
###.#.#.##...##.#............
#......=........##.####......
###.#.<............# ######+
#.#.####...##.##.# ####....
#.#.# #...##.##.###.......
#.#.# #...........+.......
#.### #...##.##.###.......
#.# #.)@................ #.#
##.g##.##.####...... #.#
#..##.##.# #...... #.#
#..##.##.# #...... #.#
#..##.##.# #......
###.#######........####......
#............##.#..).........
########.....##.#...###.#....
#'..................#.#


You could see a gnoll.

Vanquished Creatures
  Ijyb (D:3)
  Natasha (thrice) (D:2)
  3 gnolls
  4 adders
  A dart slug (D:1)
  An orc (D:2)
  5 ball pythons
  2 endoplasms (D:1)
  2 giant cockroaches (D:1)
  6 goblins
  5 hobgoblins
  A quokka (D:1)
  4 bats
  5 frilled lizards
  5 kobolds
  10 rats
58 creatures vanquished.

Notes
Turn   | Place    | Note
-------+----------+-------------------------------------------
     0 | D:1      | Froggeryz the Ghoul Wanderer began the quest for the Orb.
     0 | D:1      | Froggeryz set off with the following items: a +2
                  | quarterstaff, a +0 helmet, a +0 leather armour; and the
                  | following spell memorised: Summon Small Mammal; and the
                  | following spells available to memorise: Call Canine
                  | Familiar
     0 | D:1      | Reached XP level 1. HP: 17/17 MP: 1/1
   115 | D:1      | Reached skill level 1 in Polearms
   119 | D:1      | Reached XP level 2. HP: 18/24 MP: 2/2
   443 | D:1      | Reached skill level 2 in Polearms
   839 | D:1      | Reached XP level 3. HP: 28/29 MP: 3/3
  1046 | D:2      | You fall into a shaft and drop 2 floors!
  1054 | D:3      | Noticed Ijyb
  1057 | D:3      | Paralysed by Ijyb for 4 turns
  1065 | D:3      | Paralysed by Ijyb for 3 turns
  1082 | D:3      | Killed Ijyb
  1083 | D:3      | Reached skill level 3 in Polearms
  1083 | D:3      | Reached XP level 4. HP: 22/36 MP: 4/4
  1751 | D:2      | Noticed Natasha
  1758 | D:2      | Killed Natasha
  1759 | D:2      | Reached skill level 4 in Polearms
  1759 | D:2      | Reached XP level 5. HP: 32/41 MP: 5/5
  1765 | D:2      | Noticed Natasha
  1775 | D:2      | Killed Natasha
  1777 | D:2      | Noticed Natasha
  1953 | D:2      | Killed Natasha
  2405 | D:3      | Found a shadowy altar of Dithmenos.
  2602 | D:2      | Reached skill level 5 in Polearms
  2608 | D:2      | Slain by a gnoll

Illustrated notes

Levels and vault maps discovered:
D:1:      erik_arrival_triangle_medium, layout_rooms
D:2:      layout_basic, dk_vineyard_3, uniq_natasha
D:3:      layout_rooms, lemuel_crystal_altar, chequers_ecumenical_altar_grove,
          minmay_goblin_kobold_house, uniq_ijyb, uniq_pargi, uniq_terence
D:4:      layout_rooms, chequers_temple_overflow_statue_of_worship, uniq_edmund

Skill      XL: |  1  2  3  4  5 |
---------------+----------------+-----
Polearms       | 1 2 3 4 5 |  5.0
Fighting       | |  2.1
Staves         | |  2.6
Armour         | |  1.0
Dodging        | |  1.7
Spellcasting   | |  1.0
Summonings     | |  1.0

Action                   |  1- 3 |  4- 6 || total
-------------------------+-------+-------++-------
Melee: Quarterstaff      |    85 |   104 ||   189
 Cast: Summon Small Mamm |       |     2 ||     2
  Use: Potion            |     1 |       ||     1
Armor: Leather armour    |    31 |    29 ||    60
Dodge: Dodged            |    51 |    67 ||   118

Table legend: (Time is in decaauts)
 A = Elapsed time spent in this place.
 B = Non-inter-level travel time spent in this place.
 C = Inter-level travel time spent in this place.
 D = Time resting spent in this place.
 E = Time spent auto-exploring this place.
 F = Levels seen in this place.
 G = Mean time per level.
                   A        B        C        D        E       F      G
               +--------+--------+--------+--------+--------+-----+--------+
         Total |   2670 |   2627 |     43 |    698 |   1432 |   4 |  667.5 |
       Dungeon |   2670 |   2627 |     43 |    698 |   1432 |   4 |  667.5 |
               +--------+--------+--------+--------+--------+-----+--------+

Top non-repeatable levels by time:
     D:1: 1084 daAuts
     D:2: 1065 daAuts
     D:3: 511 daAuts
     D:4: 7 daAuts
